 Dungeon Crawl Stone Soup version 0.19-a0-45-g2c295ea (webtiles) character file.

132133 jyri the Brawler (level 16, -2/158 HPs)
             Began as a Troll Monk on May 3, 2016.
             Was a High Priest of Trog.
             Killed from afar by a hell knight (12 damage)
             ... with a bolt of fire
             ... on level 2 of the Abyss on May 5, 2016.
             The game lasted 03:36:01 (37694 turns).

jyri the Brawler (Troll Monk)                      Turns: 37694, Time: 03:36:02

Health: -2/158     AC: 13    Str: 28    XL:     16   Next: 56%
Magic:  15/15      EV: 19    Int:  6    God:    Trog [*****.]
Gold:   2997       SH: 22    Dex: 12    Spells: 0 memorised, 15 levels left

rFire  + . .     SeeInvis .       - Unarmed
rCold  + . .     Gourm    +     q - +2 robe {rC+ rF+}
rNeg   . . .     Faith    +     C - +2 large shield
rPois  .         Spirit   .     N - +2 hat
rElec  .         Dismiss  .     p - +0 cloak
rCorr  .         Reflect  .     (gloves unavailable)
SustAt .         Harm     .     (boots unavailable)
MR     ++++.                    o - amulet of faith
Stlth  +.........               L - ring of protection from magic
                                B - +6 ring of evasion

@: very slightly contaminated, regenerating, incredibly resistant to hostile
enchantments, very unstealthy
A: unfitting armour, claws 3, thin metallic scales 1, fast metabolism 3,
gourmand, regeneration 2, shaggy fur 1, tough skin 2, MP-powered wands
a: Berserk, Trog's Hand, Brothers in Arms, Burn Spellbooks, Renounce Religion


You were on level 2 of the Abyss.
You worshipped Trog.
Trog was extremely pleased with you.
You were near starving.

You visited 4 branches of the dungeon, and saw 27 of its levels.
You visited the Abyss 1 time.

You collected 3027 gold pieces.
You spent 30 gold pieces at shops.

Inventory:

Hand Weapons
 b - the +5 lajatang of Rotation {antimagic, rPois}
   (Trog gifted it to you on level 2 of the Orcish Mines)

   It disrupts the flow of magical energy around spellcasters and certain
   magical creatures (including the wielder).
   It protects you from poison.
 D - the +4 spear of the Living Dead {antimagic, -Tele rElec MR+++ MP-9}
   (Trog gifted it to you on level 7 of the Lair of Beasts)

   It disrupts the flow of magical energy around spellcasters and certain
   magical creatures (including the wielder).
   It insulates you from electricity.
   It affects your resistance to hostile enchantments.
   It affects your magic capacity (-9).
   It prevents most forms of teleportation.
Missiles
 v - 26 large rocks (quivered)
Armour
 p - a +0 cloak (worn)
 q - a +2 robe of resistance (worn)
 C - a +2 large shield (worn)
 E - a fire dragon hide
 J - a +2 shield
 N - a +2 hat (worn)
Rods
 K - a +7 rod of shadows (10/10)
   (You found it on level 8 of the Lair of Beasts)
Jewellery
 c - a +3 ring of dexterity
 o - an amulet of faith (around neck)
 w - an uncursed ring of protection from fire
 y - a +2 amulet of reflection {unknown}
 B - a +6 ring of evasion (left claw)
 L - a ring of protection from magic (right claw)
 T - an uncursed amulet of regeneration
 W - an uncursed ring of ice
Wands
 d - a wand of confusion (29/48)
 e - a wand of acid (10/15)
 f - a wand of lightning (3/15)
 i - a wand of disintegration (6/24)
 n - a wand of paralysis (14/24)
 t - a wand of teleportation (2/9)
 F - a wand of enslavement (7/24)
 G - a wand of confusion (27/48)
 H - a wand of iceblast (8/15)
 I - a wand of heal wounds (0/9)
 O - a wand of hasting (0/9)
 P - a wand of lightning (8/15)
 Q - a wand of slowing (13/48)
 U - a wand of paralysis (7/24)
 Z - a wand of flame (20/48)
Scrolls
 g - 5 scrolls of magic mapping
 j - 16 scrolls of remove curse
 r - 4 scrolls of recharging
 R - 7 scrolls of enchant weapon
 S - 2 scrolls of fog
 V - a scroll of teleportation
Potions
 h - a potion of flight
 k - 6 potions of agility
 m - 2 potions of might
 s - a potion of beneficial mutation {unknown}
 x - 6 potions of cure mutation
 z - 5 potions of haste
 M - 4 potions of cancellation
Comestibles
 l - 16 meat rations
 u - 18 beef jerkies


   Skills:
 - Level 9.8 Fighting
 - Level 1.0(6.1) Polearms
 - Level 9.6 Staves
 - Level 3.4 Throwing
 - Level 7.6 Armour
 - Level 9.0 Dodging
 - Level 1.1 Stealth
 + Level 13.1 Shields
 - Level 15.6 Unarmed Combat


You had 15 spell levels left.
You didn't know any spells.

Dungeon Overview and Level Annotations

Branches:
Dungeon (15/15)            Temple (0/1) D:6            Lair (8/8) D:11
  Swamp (0/4) Lair:3        Snake (0/4) Lair:4        Slime (0/6) Lair:7
    Orc (2/2) D:12            Elf (2/3) Orc:2        Vaults (0/5) D:14
 Depths (0/5) D:15

Altars:
Dithmenos
Gozag
Nemelex Xobeh
Okawaru
Pakellas
Qazlal
Ru
Trog
Yredelemnul
Jiyva

Shops:
D:9 (   Orc:2 (:[*   Elf:1 (

Portals:
Trove: D:12 (give +3 storm dragon armour)

Annotations:
Lair:3 1 exclusion


Innate Abilities, Weirdness & Mutations

You are too large for most types of armour.
You have claws for hands.
Your metabolism is lightning-fast.
You like to eat raw meat.
You heal very quickly.
You are covered in fur (AC +1).
You have very tough skin (AC +2).
You are partially covered in thin metallic scales (AC +2).
You expend magic power (3 MP) to strengthen your wands.


Message History

You block the thrashing horror's attack.
The thrashing horror barely misses you. You block the red devil's attack.
You claw the wraith!
The wraith is almost destroyed.
The thrashing horror closely misses you.
You block the thrashing horror's attack.
You block the wraith's attack.
The hell knight hits you from afar with a glaive of flaming!!
* * * LOW HITPOINT WARNING * * *
The hell knight burns you.
* * * LOW HITPOINT WARNING * * *
You feel better.
You block the thrashing horror's attack. x2
The red devil completely misses you.
A starcursed mass splits.
The wraith hits you but does no damage. The hell knight casts a spell at you.
The bolt of fire hits the red devil.
The red devil completely resists.
The bolt of fire hits the thrashing horror.
The thrashing horror resists.
The bolt of fire hits you! You resist.
You die...

## #W## ###@#
#.#X## .#
##ph4# #.#
#.pR#p# ..#
#.#Y####...
##.#.#L...#
#...X.....#.
###.X#p....#
# .
.###.#.###.##


You could see 2 starcursed masses, a lich, a rakshasa, 3 hell knights, a
thrashing horror, a necromancer, a raiju, a wraith, a red devil and a sky beast.

Vanquished Creatures
  An orc warlord (Orc:2)
  A deep elf elementalist (Orc:2)
  Nessos (D:12)
  A vault guard (D:14)
  Snorg (Lair:5)
  The ghost of Karasique the Archer, a journeyman CeCK of Xom (Lair:5)
  A fire dragon (Lair:8)
  A yaktaur captain (D:15)
  A great orb of eyes (Abyss:2)
  8 hydras
  7 centaur warriors
  A death knight (D:13)
  3 dancing weapons (Elf:1)
  2 tengu warriors (D:15)
  4 orc high priests (Orc:2)
  13 death yaks
  A queen ant (D:12)
  Urug (D:10)
  A thrashing horror (Abyss:2)
  A wretched star (Abyss:2)
  A deep elf knight (Elf:1)
  5 skeletal warriors (D:15)
  A deep elf archer (Elf:1)
  3 unseen horrors
  4 starcursed masses (Abyss:2)
  6 hill giants
  4 orc knights
  A necromancer (D:14)
  4 orc sorcerers
  2 wizards (D:14)
  10 deep elf magi
  7 cyclopes
  3 manticores
  3 slime creatures (D:15)
  4 ugly things (D:14)
  A wolf spider zombie (D:11)
  A griffon (D:15)
  A sixfirhy (Abyss:2)
  10 elephants
  10 black mambas
  An octopode (shapeshifter) (D:13)
  11 spiny frogs
  3 torpor snails
  A gargoyle (D:12)
  A kobold demonologist (Orc:2)
  2 centaur skeletons
  9 komodo dragons
  6 rime drakes
  A hellion (Abyss:2)
  2 yaktaurs
  2 ancient zymes (Abyss:2)
  3 tengu conjurers (D:15)
  11 trolls
  14 polar bears
  Grinder (D:5)
  23 blink frogs
  4 two-headed ogres
  3 raiju
  A boulder beetle (Lair:8)
  4 flying skulls (Abyss:2)
  A spriggan (D:10)
  2 wyverns
  A water elemental (Orc:2)
  2 shadows (D:13)
  An ice dragon skeleton (Abyss:2)
  2 vampires
  21 humans
  A ynoxinul (Abyss:2)
  5 basilisks
  36 yaks
  A hungry ghost (D:11)
  2 steam dragons (Lair:8)
  Grum (D:9)
  A large abomination (Abyss:2)
  2 mottled dragons (Lair:8)
  14 hippogriffs
  3 vampire mosquitoes (D:14)
  11 wargs
  3 nagas (Lair:4)
  11 soldier ants (D:12)
  5 swamp worms (Lair:3)
  17 water moccasins
  3 swamp drakes (Lair:8)
  13 porcupines
  6 hell hounds (Lair:8)
  15 black bears
  44 orc warriors
  2 sky beasts
  2 eyes of draining
  A wasp (D:8)
  22 wolves
  2 phantoms
  An ice beast (D:4)
  6 boggarts
  11 ogres
  4 necrophages
  21 centaurs
  22 crocodiles
  3 big kobolds
  2 small abominations (Abyss:2)
  26 giant frogs
  2 wyvern zombies
  A water moccasin zombie (D:9)
  2 wyvern skeletons
  30 killer bees
  5 scorpions
  4 wights (D:7)
  2 jellies
  3 crimson imps
  6 howler monkeys
  4 centaur zombies
  A giant frog zombie (D:11)
  32 orc priests
  37 orc wizards
  14 hounds
  6 giant frog skeletons
  10 iguanas
  21 worker ants
  17 sheep
  A killer bee zombie (D:7)
  3 hound skeletons
  A gnoll (D:7)
  2 howler monkey skeletons
  8 adders
  60 river rats
  2 shadow imps (D:5)
  An ooze (D:4)
  An adder skeleton (D:8)
  4 worms
  3 dart slugs (D:1)
  5 giant geckos
  130 orcs
  6 giant cockroaches
  12 goblins
  3 hobgoblins (D:1)
  15 jackals
  3 quokkas
  A ball python skeleton (D:4)
  5 bats
  A giant gecko skeleton (D:4)
  5 giant newts
  12 kobolds
  3 quokka zombies
  13 rats
  A fungus (Lair:2)
  28 plants
1110 creatures vanquished.

Vanquished Creatures (collateral kills)
  The ghost of M4edhros the Martial Artist, a journeyman OpNe of Cheibriados (Orc:1)
  A worker ant (D:12)
  An orc (Orc:2)
3 creatures vanquished.

Vanquished Creatures (others)
  A blink frog (Lair:8)
  A boggart (D:14)
  A hound (Lair:8)
  An orc (Orc:2)
  A ball python (D:2)
  6 fungi
  17 plants
  14 starspawn tentacles (Abyss:2)
  88 starspawn tentacle segments (Abyss:2)
130 creatures vanquished.

Grand Total: 1243 creatures vanquished

Notes
Turn   | Place    | Note
--------------------------------------------------------------
     0 | D:1      | jyri the Troll Monk began the quest for the Orb.
     0 | D:1      | Reached XP level 1. HP: 22/22 MP: 0/0
    95 | D:1      | Reached XP level 2. HP: 22/29 MP: 1/1
   518 | D:1      | Reached skill level 5 in Unarmed Combat
   518 | D:1      | Reached XP level 3. HP: 36/36 MP: 2/2
   659 | D:2      | Found an opulent altar of Gozag.
   677 | D:2      | Found a stormy altar of Qazlal.
   922 | D:2      | Found an oddly glowing altar of Pakellas.
   922 | D:2      | Found an iron altar of Okawaru.
   923 | D:2      | Found a bloodstained altar of Trog.
   947 | D:2      | Became a worshipper of Trog the Wrathful
   947 | D:2      | Reached * piety under Trog
   947 | D:2      | Reached ** piety under Trog
  1033 | D:2      | Reached XP level 4. HP: 40/44 MP: 3/3
  1396 | D:3      | Reached skill level 6 in Unarmed Combat
  1919 | D:4      | Reached XP level 5. HP: 50/50 MP: 4/4
  2015 | D:4      | Noticed an ice beast
  2018 | D:4      | Killed an ice beast
  2018 | D:4      | Reached skill level 7 in Unarmed Combat
  2194 | D:4      | Reached XP level 6. HP: 59/59 MP: 5/5
  2449 | D:4      | Reached *** piety under Trog
  2604 | D:4      | Reached skill level 8 in Unarmed Combat
  2612 | D:5      | Entered Level 5 of the Dungeon
  2615 | D:5      | Noticed Grinder
  2631 | D:5      | Paralysed by Grinder for 5 turns
  2638 | D:5      | Killed Grinder
  2638 | D:5      | Reached XP level 7. HP: 57/66 MP: 6/6
  2754 | D:5      | Found a basalt altar of Yredelemnul.
  2758 | D:5      | Reached skill level 9 in Unarmed Combat
  3336 | D:6      | Found a staircase to the Ecumenical Temple.
  3579 | D:7      | Reached skill level 10 in Unarmed Combat
  3671 | D:7      | Reached XP level 8. HP: 60/74 MP: 7/7
  3756 | D:7      | Found a shadowy altar of Dithmenos.
  3884 | D:7      | Reached skill level 11 in Unarmed Combat
  3913 | D:7      | Reached **** piety under Trog
  4181 | D:7      | Reached skill level 12 in Unarmed Combat
  4476 | D:8      | Reached XP level 9. HP: 80/80 MP: 8/8
  4847 | D:8      | Reached skill level 13 in Unarmed Combat
  5104 | D:8      | Found a sparkling altar of Nemelex Xobeh.
  5206 | D:8      | Reached skill level 14 in Unarmed Combat
  5698 | D:9      | Noticed Grum
  5702 | D:9      | Reached XP level 10. HP: 88/88 MP: 9/9
  5732 | D:9      | Killed Grum
  5734 | D:9      | Reached ***** piety under Trog
  6210 | D:9      | Found Letonkirph's Antique Weapon Emporium.
  6283 | D:9      | Reached skill level 1 in Armour
  6471 | D:9      | Noticed an eight-headed hydra
  6679 | D:10     | Entered Level 10 of the Dungeon
  6679 | D:10     | Noticed Urug
  6692 | D:10     | Killed Urug
  7013 | D:10     | Received a gift from Trog
  7217 | D:10     | Killed an unseen horror
  7217 | D:10     | Reached skill level 5 in Fighting
  7442 | D:10     | Reached XP level 11. HP: 104/104 MP: 10/10
  7667 | D:11     | Noticed a hill giant
  7679 | D:11     | Killed a hill giant
  7782 | D:11     | Reached skill level 5 in Armour
  8391 | D:11     | Received a gift from Trog
  8453 | D:11     | Found a staircase to the Lair.
  9033 | D:12     | Noticed a queen ant
  9052 | D:12     | Killed a queen ant
  9623 | D:12     | Found a staircase to the Orcish Mines.
  9679 | Orc:1    | Entered Level 1 of the Orcish Mines
  9679 | Orc:1    | Noticed an orc knight
  9679 | Orc:1    | Noticed M4edhros's ghost (journeyman OpNe)
  9702 | D:12     | Killed an orc knight
 10367 | Orc:1    | Killed M4edhros's ghost
 10458 | Orc:2    | Entered Level 2 of the Orcish Mines
 10495 | Orc:2    | Reached skill level 1 in Throwing
 10495 | Orc:2    | Reached XP level 12. HP: 112/119 MP: 11/11
 11017 | Orc:2    | Reached skill level 15 in Unarmed Combat
 11453 | Orc:2    | Found a staircase to the Elven Halls.
 11477 | Orc:2    | Received a gift from Trog
 11480 | Orc:2    | Got a scorched lajatang {god gift}
 11484 | Orc:2    | Identified the +5 lajatang of Rotation {antimagic, rPois} (Trog gifted it to you on level 2 of the Orcish Mines)
 11625 | Orc:2    | Reached skill level 1 in Staves
 11724 | Orc:2    | Noticed an orc high priest
 12203 | Orc:2    | Paralysed by an orc sorcerer for 4 turns
 12214 | Orc:2    | Gained mutation: You expend magic power (3 MP) to strengthen your wands. [a neqoxec]
 12221 | Orc:2    | Gained mutation: You are partially covered in thin metallic scales (AC +2). [a neqoxec]
 12361 | Orc:2    | Killed an orc high priest
 12398 | Orc:2    | Noticed an orc warlord
 12405 | Orc:2    | Killed an orc warlord
 12405 | Orc:2    | Reached skill level 5 in Staves
 12535 | Orc:2    | Noticed an orc high priest
 12541 | Orc:2    | Killed an orc high priest
 12541 | Orc:2    | Received a gift from Trog
 12621 | Orc:2    | Noticed an orc high priest
 12624 | Orc:2    | Killed an orc high priest
 12737 | Orc:2    | Received a gift from Trog
 13073 | Orc:2    | Found Weplienn's Antique Armour Shop.
 13074 | Orc:2    | Found Meriteyd's Antique Weapon Boutique.
 13076 | Orc:2    | Found Eklitt's General Store.
 13076 | Orc:2    | Found Kiasoar's Book Shop.
 13158 | Orc:2    | Bought a scroll of identify for 30 gold pieces
 13371 | Orc:2    | Received a gift from Trog
 13440 | Orc:2    | Noticed an orc high priest
 13447 | Orc:2    | Killed an orc high priest
 13591 | Orc:2    | Reached XP level 13. HP: 117/127 MP: 12/12
 13701 | D:12     | Noticed Nessos
 13709 | D:12     | Killed Nessos
 13834 | D:12     | Found a portal to a secret trove of treasure.
 14378 | D:12     | Found a sacrificial altar of Ru.
 14406 | D:12     | HP: 1/130 [enormous slime creature (82)]
 14639 | D:9      | Received a gift from Trog
 16205 | D:13     | Received a gift from Trog
 16926 | D:14     | Found an oddly glowing altar of Pakellas.
 17956 | Lair:1   | Entered Level 1 of the Lair of Beasts
 19838 | Lair:1   | Upgraded the game from 0.19-a0-36-g4a0968a to 0.19-a0-45-g2c295ea
 20463 | Lair:1   | Received a gift from Trog
 20736 | Lair:2   | Reached XP level 14. HP: 72/141 MP: 13/13
 22050 | Lair:3   | Received a gift from Trog
 22063 | Lair:3   | Found a staircase to the Swamp.
 22566 | Lair:4   | Reached skill level 5 in Dodging
 22898 | Lair:4   | Found a staircase to the Snake Pit.
 23565 | Lair:1   | Reached skill level 1 in Shields
 24281 | Lair:4   | Received a gift from Trog
 25153 | Lair:5   | Received a gift from Trog
 25275 | Lair:5   | Noticed Snorg
 25289 | Lair:5   | Killed Snorg
 25351 | Lair:5   | Noticed Karasique's ghost (journeyman CeCK)
 25363 | Lair:5   | Killed Karasique's ghost
 27254 | Lair:6   | Reached skill level 5 in Shields
 27388 | Lair:7   | Found a viscous altar of Jiyva.
 27388 | Lair:7   | Found a staircase to the Slime Pits.
 28253 | Lair:7   | Reached XP level 15. HP: 129/149 MP: 14/14
 28303 | Lair:7   | Received a gift from Trog
 29315 | Lair:7   | Reached ****** piety under Trog
 29363 | Lair:8   | Entered Level 8 of the Lair of Beasts
 29382 | Lair:7   | Received a gift from Trog
 29448 | Lair:7   | Got a brightly glowing spear {god gift}
 29457 | Lair:7   | Identified the +4 spear of the Living Dead {antimagic, -Tele rElec MR+++ MP-9} (Trog gifted it to you on level 7 of the Lair of Beasts)
 30544 | Lair:8   | Received a gift from Trog
 31068 | Lair:8   | Received a gift from Trog
 31464 | Lair:8   | Identified a +7 rod of shadows (10/10) (You found it on level 8 of the Lair of Beasts)
 32182 | Lair:5   | Received a gift from Trog
 33201 | D:14     | Found a basalt altar of Yredelemnul.
 33407 | D:14     | Reached skill level 10 in Shields
 33531 | D:14     | Found a gate to the Vaults.
 33557 | D:14     | Received a gift from Trog
 34082 | D:15     | Entered Level 15 of the Dungeon
 34513 | D:15     | Reached XP level 16. HP: 158/158 MP: 15/15
 34985 | D:15     | Found a staircase to the Depths.
 35256 | D:15     | Got a faintly glowing morningstar
 35257 | D:15     | Identified the +2 morningstar of Destiny {crush, rElec} (You found it on level 15 of the Dungeon)
 35314 | D:15     | Received a gift from Trog
 36422 | Elf:1    | Entered Level 1 of the Elven Halls
 36919 | Orc:2    | Reached skill level 1 in Polearms
 37188 | Elf:1    | Received a gift from Trog
 37289 | Elf:1    | Found Odeatonoid's Antique Weapon Shop.
 37384 | Elf:1    | Cast into level 2 of the Abyss (a deep elf sorcerer)
 37384 | Abyss:2  | Found a corrupted altar of Lugonu.
 37607 | Abyss:2  | Noticed a lich
 37628 | Abyss:2  | Noticed a Tzitzimitl
 37631 | Abyss:2  | Noticed a Brimstone Fiend
 37632 | Abyss:2  | Noticed a tentacled starspawn
 37643 | Abyss:2  | HP: 5/158 [something/bolt of cold (23)]
 37656 | Abyss:2  | Noticed a tentacled starspawn
 37668 | Abyss:2  | Noticed a lich
 37671 | Abyss:2  | Found a corrupted altar of Lugonu.
 37693 | Abyss:2  | HP: 5/158 [hell knight/glaive of flaming (21)]
 37693 | Abyss:2  | HP: 1/158 [hell knight/glaive of flaming (4)]
 37694 | Abyss:2  | Killed from afar by a hell knight

Vault maps used:
D:1:      onia_arrival_larder
D:2:      nicolae_overflow_hidden_temple, grunt_gozag_statues,
          gammafunk_temple_overflow_forgotten, first_bread, lemuel_old_faithful
D:4:      hangedman_abyss_or_decor_passed
D:5:      nicolae_overflow_crystal_walls, uniq_grinder
D:6:      minmay_temple_entry_statues
D:7:      old_standard_altar
D:8:      lemuel_coloured_pillars_altar
D:9:      serial_shops, nicolae_shop_waterfront, uniq_grum
D:10:     hangedman_stone_soup, uniq_urug
D:11:     erik_lair_orcish_takeover, serial_glass, glass_columns_c,
          glass_columns_a
D:12:     hiddenorc1_lemuel, enter_trove_1, basic_altar, minmay_another_anthill,
          uniq_nessos
D:13:     serial_column_ruins, column_ruins_circle_large, column_ruins_hut,
          column_ruins_open_tiny, column_ruins_open_tiny,
          column_ruins_open_tiny, column_ruins_open_medium
D:14:     grunt_vaults_entry_tiered, basic_altar, basic_altar
D:15:     grunt_enter_depths_snipers, glass_columns_b
Lair:3:   nicolae_swamp_entry_splash_gauntlet,
          grunt_forest_small_clearing_treed, bh_autumn_forest_stairs
Lair:4:   guppyfry_snake_entry_island, grunt_megastairs_1
Lair:5:   beast_lair_carwin_2, lemuel_fruit_tree, infiniplex_staircase_pool,
          uniq_snorg
Lair:6:   minmay_lair_drake_nest, infiniplex_staircase_pool_2
Lair:7:   wad_woods_structure_01, slime_altar_1
Lair:8:   hangedman_lair_caniforms_friends, guppyfry_lair_end_dragon
Orc:2:    st_orc_congregation, portal_ice_cave_entry_animals_and_master
Elf:1:    elf_arrival_002, serial_shops, shop, hangedman_elf_disciples
Elf:2:    serial_shops, shop_fountains, minmay_misc_feat_alley,
          corexii_leaking_fountain, st_stairs_5, guppyfry_library_mini

Skill      XL: |  1  2  3  4  5  6  7  8  9 10 11 12 13 14 15 16 |
---------------+-------------------------------------------------+-----
Unarmed Combat | 5 6 7 8 10 12 14 15 | 15.6
Armour         | 4 7 |  7.6
Fighting       | 5 8 9 |  9.8
Throwing       | 1 3 |  3.4
Staves         | 7 9 |  9.6
Dodging        | 3 8 9 |  9.0
Shields        | 5 11 13 | 13.1
Polearms       | 1 |  1.0
Stealth        | |  1.1

Action                   |  1- 3 |  4- 6 |  7- 9 | 10-12 | 13-15 | 16-18 || total
-------------------------+-------+-------+-------+-------+-------+-------++-------
Melee: Unarmed           |   112 |   119 |   257 |   835 |  1698 |   378 ||  3399
       Punch             |     1 |     5 |    22 |    53 |    35 |       ||   116
       Lajatang          |       |       |       |       |   204 |       ||   204
       Morningstar       |       |       |       |       |       |   141 ||   141
       Spear             |       |       |       |       |       |    32 ||    32
Throw: Tomahawk          |       |       |     2 |     5 |       |       ||     7
       Large rock        |       |       |       |    16 |    42 |     4 ||    62
Invok: Berserk           |       |     1 |     2 |    13 |    29 |     3 ||    48
       Trog's Hand       |       |       |       |    12 |    25 |    10 ||    47
       Brothers in Arms  |       |       |       |     4 |     3 |     1 ||     8
       Burn Spellbooks   |       |       |       |     2 |     4 |     1 ||     7
Evoke: Wand              |       |       |       |     1 |     3 |     4 ||     8
  Use: Scroll            |       |     8 |    10 |     5 |    14 |     6 ||    43
       Potion            |       |       |       |     2 |     3 |     3 ||     8
 Stab: Sleeping          |     2 |     3 |       |     3 |     8 |     1 ||    17
       Distracted        |       |       |       |       |     9 |       ||     9
       Confused          |       |       |       |       |     1 |       ||     1
  Eat: Chunk             |    15 |    12 |    34 |    79 |   193 |    22 ||   355
       Fruit             |       |       |       |     4 |       |     1 ||     5
       Royal jelly       |       |       |       |     2 |     1 |       ||     3
       Beef jerky        |       |       |       |     1 |     4 |     2 ||     7
       Bread ration      |       |       |       |       |     5 |       ||     5
       Pizza             |       |       |       |       |     3 |       ||     3
       Meat ration       |       |       |       |       |     1 |       ||     1
Armor: Robe              |    32 |    24 |    34 |    91 |   307 |   111 ||   599
       Troll hide        |       |       |       |    42 |       |       ||    42
Dodge: Dodged            |    40 |    76 |   168 |   619 |   974 |   244 ||  2121
Block: Large shield      |       |       |       |       |  1011 |   660 ||  1671
